 Dungeon Crawl Stone Soup version 0.26-a0-652-gafc20e3620 (webtiles) character file.

Game seed: 2533449776735667812

627 mordus the Cudgeler (level 7, 0/41 HPs)
             Began as a Gargoyle Fighter on Oct 1, 2020.
             Was an Initiate of Qazlal.
             Killed by divine providence
             ... invoked by an orc priest
              (15 damage)
             ... on level 4 of the Dungeon on Oct 2, 2020.
             The game lasted 00:13:52 (4627 turns).

mordus the Cudgeler (Gargoyle Fighter)              Turns: 4627, Time: 00:13:52

Health: 0/41       AC: 17    Str: 26    XL:     7   Next: 47%
Magic:  7/7        EV: 21    Int:  8    God:    Qazlal [......]
Gold:   204        SH: 10    Dex:  9    Spells: 6/6 levels left

rFire    . . .     SeeInvis .   w - +0 flail of the Walnut {vamp, Str+4 Stlth+} (curse)
rCold    . . .     Faith    .   c - +0 kite shield
rNeg     + . .     Spirit   .   p - +0 chain mail
rPois    ∞         Reflect  .   g - +2 hat
rElec    +         Harm     .   v - +0 cloak
rCorr    .         Rampage  .   (no gloves)
MR       .....                  (no boots)
Stlth    ..........             z - amulet of the acrobat
HPRegen  0.13/turn              (no ring)
MPRegen  0.10/turn              (no ring)

@: acrobat
A: negative energy resistance 1, electricity resistance, unbreathing,
petrification resistance, rot immunity, AC +4
a: Renounce Religion


You were on level 4 of the Dungeon.
You worshipped Qazlal.
Qazlal was noncommittal.
You visited 2 branches of the dungeon, and saw 5 of its levels.

You collected 204 gold pieces.

Inventory:

Hand Weapons
 a - a +0 flail
 s - a +0 morningstar
 u - a +1 morningstar of protection
 w - the cursed +0 flail of the Walnut (weapon) {vamp, Str+4 Stlth+}
   (You found it on level 4 of the Dungeon)

   It inflicts no extra harm, but heals its wielder when it wounds a living foe.
   It affects your strength (+4).
   It makes you more stealthy.
   It has a curse placed upon it.
Armour
 b - a +0 scale mail
 c - a +0 kite shield (worn)
 g - a +2 hat (worn)
 p - a +0 chain mail (worn)
 v - a +0 cloak (worn)
Jewellery
 i - an uncursed ring of protection from fire
 z - an amulet of the acrobat (around neck)
Wands
 t - a wand of polymorph (7)
Scrolls
 e - a scroll of blinking {unknown}
 f - 8 scrolls of teleportation {unknown}
 k - 2 scrolls of identify {unknown}
 o - 4 scrolls of remove curse {unknown}
 x - a scroll of random uselessness {unknown}
 y - a scroll of enchant armour {unknown}
Potions
 d - 2 potions of might
 h - a potion of heal wounds {unknown}
 j - 4 potions of lignification {unknown}
 l - 2 potions of resistance {unknown}
 m - a potion of brilliance {unknown}
 n - a potion of curing {unknown}
 q - a potion of cancellation {unknown}
 r - a potion of stabbing {unknown}
 A - a potion of ambrosia {unknown}


   Skills:
 - Level 3.2 Fighting
 * Level 5.8 Maces & Flails
 + Level 5.3 Armour
 + Level 5.4 Shields


You had 6 spell levels left.
You didn't know any spells.
Your spell library was empty.

Dungeon Overview and Level Annotations

Branches:
Dungeon (4/15)             Temple (1/1) D:4

Altars:
Ashenzari
Cheibriados
Dithmenos
Elyvilon
Fedhas
Gozag
Hepliaklqana
Kikubaaqudgha
Makhleb
Nemelex Xobeh
Okawaru
Qazlal
Ru
Trog
Uskayaw
Vehumet
Xom
Yredelemnul
Zin


Innate Abilities, Weirdness & Mutations

You are resistant to torment.
Your stone body is resilient. (AC +4)
You are immune to poison.
You resist negative energy. (rN+)
You are resistant to electric shocks. (rElec)
You can survive without breathing.
You are immune to petrification.
You are immune to rotting.


Message History

The orc priest shouts!
You block the adder's attack.
An orc comes into view. It is wielding a +0 hand axe.
The orc priest calls down the wrath of Beogh upon you.
Beogh smites you!
An orc wizard comes into view. It is wielding a +0 dagger.
The orc priest looks braver for a moment.
The adder bites you.
The orc wizard shouts!
The adder bites you but does no damage.
There is an open door here.
The orc priest calls down the wrath of Beogh upon you.
Beogh smites you!
You hear a shout!
Found a stone staircase leading down.
The adder misses you. You block the adder's attack.
The orc priest calls down the wrath of Beogh upon you.
Beogh smites you!
You die...

######## .......#
.......#
.......############.#
......o'o.o....S@...#
.......##############
.......# .......+ #
#......#.# #........#
####..#### ##..####
#......#


You could see an orc priest and an adder.

Vanquished Creatures
  A phantom (D:4)
  An ogre (D:4)
  A centaur (D:4)
  A scorpion (D:4)
  2 orc priests (D:3)
  An orc wizard (D:3)
  7 adders
  4 gnolls (D:3)
  4 oozes
  2 worms (D:2)
  3 dart slugs
  2 leopard geckos (D:1)
  11 orcs
  2 ball pythons
  9 bats
  8 giant cockroaches
  6 goblins
  7 hobgoblins
  7 jackals
  2 quokkas
  14 frilled lizards
  4 kobolds
  5 rats
104 creatures vanquished.

Vanquished Creatures (others)
  6 plants (D:1)
6 creatures vanquished.

Grand Total: 110 creatures vanquished

Notes
Turn   | Place    | Note
-------+----------+-------------------------------------------
     0 | D:1      | mordus the Gargoyle Fighter began the quest for the Orb.
     0 | D:1      | Reached XP level 1. HP: 14/14 MP: 1/1
    70 | D:1      | Reached XP level 2. HP: 8/19 MP: 2/2
   523 | D:1      | Reached XP level 3. HP: 2/23 MP: 3/3
  1418 | D:2      | Reached XP level 4. HP: 22/28 MP: 4/4
  1777 | D:2      | Found an opulent altar of Gozag.
  1824 | D:2      | You fall into a shaft and drop 1 floor!
  2111 | D:2      | Reached XP level 5. HP: 31/32 MP: 5/5
  2662 | D:3      | Found a basalt altar of Yredelemnul.
  2675 | D:3      | HP: 1/32 [orc priest/divine providence (12)]
  3013 | D:3      | Reached XP level 6. HP: 21/37 MP: 6/6
  3219 | D:3      | Found a bloodstained altar of Trog.
  3337 | D:3      | Found an ancient bone altar of Kikubaaqudgha.
  3337 | D:3      | Found a sacrificial altar of Ru.
  3654 | D:4      | Got an ancient flail
  3655 | D:4      | Identified the cursed +0 flail of the Walnut {vamp, Str+4
                  | Stlth+} (You found it on level 4 of the Dungeon)
  3664 | D:4      | Reached skill level 5 in Maces & Flails
  3858 | D:4      | Found a hazy altar of Hepliaklqana.
  3895 | D:4      | Reached skill level 5 in Armour
  3895 | D:4      | Reached skill level 5 in Shields
  3895 | D:4      | Reached XP level 7. HP: 30/41 MP: 7/7
  3975 | D:4      | Found a staircase to the Ecumenical Temple.
  3980 | Temple   | Entered the Ecumenical Temple
  4141 | Temple   | Became a worshipper of Qazlal Stormbringer
  4627 | D:4      | Killed from afar by an orc priest

Illustrated notes

Levels and vault maps discovered:
D:1:      ncdulo_smallfort, layout_basic, minmay_lizard_king
D:2:      layout_rooms, nicolae_gozag_seed_capital
D:3:      layout_loops_ring, marbit_many_paths, lemuel_crystal_altar,
          gammafunk_temple_overflow_wave
D:4:      layout_basic, nicolae_overflow_crystal_walls,
          minmay_temple_entry_purple_smoke, chequers_jeans
Temple:   nicolae_temple_figure_eight

Skill      XL: |  1  2  3  4  5  6 |
---------------+-------------------+-----
Maces & Flails | 3 4 5 |  5.8
Armour         | 4 5 |  5.3
Shields        | 4 5 |  5.4
Fighting       | |  3.2

Action                   |  1- 3 |  4- 6 |  7- 9 || total
-------------------------+-------+-------+-------++-------
Melee: Flail             |   169 |   229 |    67 ||   465
       Morningstar       |       |    59 |       ||    59
       Unarmed           |       |     6 |       ||     6
Armor: Scale mail        |   144 |   173 |       ||   317
       Chain mail        |       |     4 |    28 ||    32
Dodge: Dodged            |    98 |    81 |    11 ||   190
Block: Kite shield       |   133 |   165 |    33 ||   331

Table legend: (Time is in decaauts)
 A = Elapsed time spent in this place.
 B = Non-inter-level travel time spent in this place.
 C = Inter-level travel time spent in this place.
 D = Time resting spent in this place.
 E = Time spent auto-exploring this place.
 F = Levels seen in this place.
 G = Mean time per level.
                   A        B        C        D        E       F      G
               +--------+--------+--------+--------+--------+-----+--------+
         Total |   4782 |   4713 |     69 |   1034 |   2379 |   5 |  956.4 |
       Dungeon |   4553 |   4484 |     69 |   1034 |   2192 |   4 | 1138.2 |
        Temple |    228 |    228 |      0 |      0 |    187 |   1 |  228.0 |
               +--------+--------+--------+--------+--------+-----+--------+

Top non-repeatable levels by time:
     D:1: 1459 daAuts
     D:2: 1063 daAuts
     D:3: 1045 daAuts
     D:4: 984 daAuts
  Temple: 228 daAuts
